 Dungeon Crawl Stone Soup version 0.31-a0-523-g071a6c1ffa (webtiles) character file.

Game seed: 1505006463347692731

746 Crownlay the Digger (level 7, -1/41 HPs)
             Began as an Octopode Earth Elementalist on Aug 11, 2023.
             Was an Initiate of Gozag.
             Slain by an ice beast (11 damage)
             ... on level 5 of the Dungeon.
             The game lasted 00:10:14 (4409 turns).

Crownlay the Digger (Octopode Earth Elementalist)   Turns: 4409, Time: 00:10:15

Health: -1/41      AC:  2    Str:  7    XL:     7   Next: 77%
Magic:  0/12       EV: 13    Int: 20    God:    Gozag
Gold:   162        SH:  0    Dex: 12    Spells: 5/13 levels left

rFire   . . .        f - +2 dagger (freeze)
rCold   . . .        (no shield)
rNeg    . . .        m - +1 hat
rPois   +            (no amulet)
rElec   .            c - ring of poison resistance
rCorr   .            (no ring)
SInv    .            (no ring)
Will    .....        (no ring)
Stlth   +++          (no ring)
HPRegen 0.26/turn    (no ring)
MPRegen 0.13/turn    (no ring)
                     (no ring)

%: no passive effects
@: very slightly contaminated
A: almost no armour, amphibious, 8 rings, camouflage 1, gelatinous body 1,
(nimble swimmer 1), tentacles
a: Renounce Religion, Potion Petition, Call Merchant, Bribe Branch


You were on level 5 of the Dungeon.
You worshipped Gozag.
Gozag was aware of your devotion.
You visited 2 branches of the dungeon, and saw 6 of its levels.

You collected 306 gold pieces.
You spent 98 gold pieces at shops.
You paid 46 gold pieces to Gozag.

Inventory:

Hand Weapons
 f - a +2 dagger of freezing (weapon)
Armour
 m - a +1 hat (worn)
Jewellery
 c - a ring of poison resistance (left tentacle)
Wands
 o - a wand of iceblast (14)
Scrolls
 h - 2 scrolls of identify {unknown}
 i - a scroll of teleportation
 j - a scroll of enchant armour {unknown}
 l - a scroll of vulnerability {unknown}
 n - a scroll of butterflies {unknown}
Potions
 a - a potion of magic
 b - 3 potions of brilliance
 d - a potion of curing
 e - 2 potions of resistance {unknown}
 g - 2 potions of lignification {unknown}
 k - a potion of haste {unknown}
 p - a potion of might {unknown}


   Skills:
 - Level 2.0 Dodging
 - Level 2.6 Stealth
 + Level 3.7 Spellcasting
 - Level 4.0 Conjurations
 + Level 2.2 Transmutations
 + Level 6.5 Earth Magic


You had 5 spell levels left.
You knew the following spells:

 Your Spells              Type           Power      Damage    Failure   Level
a - Sandblast             Erth           58%        2d13      1%          1
b - Stone Arrow           Conj/Erth      48%        3d10      4%          3
c - Petrify               Tmut/Erth      21%        N/A       22%         4

Your spell library contained the following spells:

 Spells                   Type           Power      Damage    Failure   Level
 Passwall                 Tmut/Erth      17%        N/A       3%          2
 Wereblood                Tmut           12%        N/A       8%          2
 Sting                    Tmut/Pois      32%        1d4       9%          1
 Cigotuvi's Dreadful Rot  Necr/Pois/Air  6%         N/A       21%         2
 Ignite Poison            Fire/Tmut/Pois 6%         N/A       28%         3
 Dispel Undead            Necr           3%         3d7       78%         4
 Summon Forest            Summ/Tloc      1%         N/A       98%         5
 Summon Mana Viper        Hex/Summ       3%         N/A       98%         5
 Death Channel            Necr           1%         N/A       100%        6
 Summon Cactus Giant      Summ           1%         N/A       100%        6
 Ozocubu's Refrigeration  Ice            1%         4d7       100%        7
 Simulacrum               Ice/Necr       Unusable   N/A       N/A         6

Dungeon Overview and Level Annotations

Branches:
Dungeon (5/15)             Temple (1/1) D:4

Altars:
Ashenzari
Cheibriados
Dithmenos
Elyvilon
Fedhas
Gozag
Hepliaklqana
Makhleb
Nemelex Xobeh
Okawaru
Ru
Trog
Uskayaw
Vehumet
Wu Jian
Yredelemnul
Zin
The Shining One

Shops:
D:3 !([


Innate Abilities, Weirdness & Mutations

You cannot wear most types of armour.
You are amphibious.
You can wear up to eight rings at the same time.
Your skin changes colour to match your surroundings (Stealth+).
Your rubbery body absorbs attacks. (AC +1, EV +1)
((You are camouflaged when in or above water. (Stealth+)))
You have tentacles for arms and can constrict up to eight enemies at once.


Message History

The ice beast is moderately wounded.
The ice beast closely misses you.
You hit the ice beast but do no damage.
The ice beast is moderately wounded.
The ice beast hits you. The ice beast freezes you!
Casting: Stone Arrow (dangerous; 4% risk of failure)
Confirm with . or Enter, or press ? or * to list all spells.
Aiming: Sandblast (safe; 1% risk of failure)
Press: ? - help, Shift-Dir - straight line, f/p - ice beast
Aim: an ice beast (moderately wounded, 83% to hit)
The blast of sand hits the ice beast but does no damage.
The ice beast is moderately wounded.
The ice beast barely misses you. The ice beast misses you.
Okay, then.
Okay, then.
You barely miss the ice beast. Your squeeze misses the ice beast.
The ice beast is moderately wounded.
The ice beast misses you.
You hit the ice beast but do no damage.
The ice beast is moderately wounded.
The ice beast misses you.
Casting: Sandblast (safe; 1% risk of failure)
Confirm with . or Enter, or press ? or * to list all spells.
Aiming: Stone Arrow (dangerous; 4% risk of failure)
Press: ? - help, Shift-Dir - straight line, f/p - ice beast
Aim: an ice beast (moderately wounded, 71% to hit)
The stone arrow hits the ice beast!
The ice beast is severely wounded.
The ice beast hits you. The ice beast freezes you!
* * * LOW HITPOINT WARNING * * *
You hit the ice beast. Your squeeze misses the ice beast.
The ice beast is severely wounded.
The ice beast misses you.
You hit the ice beast but do no damage.
The ice beast is severely wounded.
The ice beast hits you.
* * * LOW HITPOINT WARNING * * *
The ice beast freezes you!
You die...
Your body crumbles into a pile of gold.

#. ... .# ...
....#..#.....#....
.......#... .#....
..........##......
..................
..................
.................. $
#.............. .
#..Y@..........
..#<####..##.....
....#####...##+##
.................
........##.......#....
........##+#####.#....#
..#...........##.#.....
. #..#...........#...<.
#..#........#..#.....


You could see an ice beast.

Vanquished Creatures
  2 ogres (D:4)
  A scorpion (D:4)
  2 jellies (D:5)
  2 hounds
  An orc priest (D:4)
  4 iguanas (D:4)
  An orc wizard (D:5)
  Robin (D:4)
  3 gnolls (D:4)
  9 adders
  2 ufetubi
  2 dart slugs (D:3)
  20 orcs
  5 endoplasms
  3 giant cockroaches
  15 goblins
  6 hobgoblins
  3 quokkas
  2 ball pythons
  8 bats
  A frilled lizard (D:2)
  4 kobolds
  5 rats
102 creatures vanquished.

Notes
Turn   | Place    | Note
-------+----------+-------------------------------------------
     0 | D:1      | Crownlay the Octopode Earth Elementalist began the quest
                  | for the Orb.
     0 | D:1      | Reached XP level 1. HP: 11/11 MP: 3/3
   180 | D:1      | Found a faded altar of an unknown god.
   449 | D:1      | Reached XP level 2. HP: 17/17 MP: 1/5
   975 | D:2      | Reached skill level 4 in Earth Magic
   975 | D:2      | Reached XP level 3. HP: 21/21 MP: 2/6
   979 | D:2      | Learned a level 3 spell: Stone Arrow
  1537 | D:3      | Reached skill level 1 in Conjurations
  1714 | D:3      | Found Poucu's Antique Armour Boutique.
  1730 | D:3      | Found a shadowy altar of Dithmenos.
  1736 | D:3      | Reached XP level 4. HP: 27/27 MP: 5/7
  1833 | D:3      | Found Jaizash's Weapon Boutique.
  1970 | D:3      | Found Eshofof's Distillery.
  1973 | D:3      | Bought a potion of curing for 42 gold pieces
  1973 | D:3      | Bought a potion of brilliance for 56 gold pieces
  1988 | D:3      | Found a sacrificial altar of Ru.
  2134 | D:3      | Found a large runed translucent door.
  2135 | D:3      | Found a large runed translucent door.
  2199 | D:3      | Found a faded altar of an unknown god.
  2203 | D:3      | Found an iron altar of Okawaru.
  2369 | D:3      | Found a burning altar of Makhleb.
  2372 | D:3      | Found a snail-covered altar of Cheibriados.
  2520 | D:4      | Reached skill level 5 in Earth Magic
  2520 | D:4      | Reached XP level 5. HP: 26/31 MP: 0/8
  2679 | D:4      | Noticed an ogre
  3100 | D:4      | Got the Meditations on Pollution
  3112 | D:4      | Reached XP level 6. HP: 36/36 MP: 6/9
  3112 | D:4      | Noticed Robin
  3116 | D:4      | Killed Robin
  3341 | D:4      | Found a staircase to the Ecumenical Temple.
  3358 | Temple   | Entered the Ecumenical Temple
  3425 | Temple   | Became a worshipper of Gozag Ym Sagoz the Greedy
  3444 | D:4      | Reached XP level 7. HP: 41/41 MP: 9/11
  3476 | D:4      | Identified the +1 cloak of Deogan {rC+ rN+ Dex+3 SInv}
  3490 | D:4      | Reached skill level 6 in Earth Magic
  3648 | D:4      | Learned a level 4 spell: Petrify
  4071 | D:5      | Entered Level 5 of the Dungeon
  4198 | D:5      | Found a radiant altar of Vehumet.
  4398 | D:5      | Got the Lectures on Subzero Shapeshifting
  4409 | D:5      | Slain by an ice beast

Illustrated notes

Levels and vault maps discovered:
D:1:      dpeg_arrival_orchard, layout_basic, dreamdust_ecumenical_altar_statues
D:2:      layout_basic
D:3:      layout_rooms, nicolae_overflow_ecumenical_swirl, lemuel_round_altar,
          old_standard_altar, jmf_multi_god_temple2, serial_shops, shop, shop,
          nicolae_square_shop
D:4:      layout_cave_pools, minmay_temple_entry_statues_fountains,
          minivault_14, uniq_robin
D:5:      layout_basic, nicolae_vehumet_radiance, minivault_27, uniq_duvessa,
          uniq_ijyb
Temple:   hellmonk_temple_forest_ring

Skill      XL: |  1  2  3  4  5  6  7 |
---------------+----------------------+-----
Earth Magic    | 4 5 6 |  6.5
Conjurations   | 1 2 3 4 |  4.0
Spellcasting   | 3 |  3.7
Transmutations | 2 |  2.2
Dodging        | |  2.0
Stealth        | |  2.6

Action                     |  1- 3 |  4- 6 |  7- 9 || total
---------------------------+-------+-------+-------++-------
  Melee: Unarmed           |     1 |     2 |       ||     3
         Constrict         |       |     2 |       ||     2
         Tentacles         |       |     1 |       ||     1
         Dagger            |       |     2 |     6 ||     8
   Cast: Sandblast         |    44 |    78 |    41 ||   163
         Stone Arrow       |       |     5 |     3 ||     8
    Use: Scroll            |       |     3 |       ||     3
         Potion            |       |     1 |       ||     1
 Armour: Skin              |     2 |     5 |       ||     7
  Dodge: Dodged            |    11 |    38 |    17 ||    66

Table legend: (Time is in decaauts)
 A = Elapsed time spent in this place.
 B = Non-inter-level travel time spent in this place.
 C = Inter-level travel time spent in this place.
 D = Time resting spent in this place.
 E = Time spent auto-exploring this place.
 F = Levels seen in this place.
 G = Mean time per level.
                   A        B        C        D        E       F      G
               +--------+--------+--------+--------+--------+-----+--------+
         Total |   4490 |   4222 |    268 |     91 |   3428 |   6 |  748.3 |
       Dungeon |   4415 |   4220 |    195 |     91 |   3428 |   5 |  883.0 |
        Temple |     75 |      2 |     73 |      0 |      0 |   1 |   75.0 |
               +--------+--------+--------+--------+--------+-----+--------+

Top non-repeatable levels by time:
     D:4: 1485 daAuts
     D:3: 1030 daAuts
     D:1: 821 daAuts
     D:2: 729 daAuts
     D:5: 348 daAuts
  Temple: 75 daAuts
